 Dungeon Crawl Stone Soup version 0.30.0-19-g36f170ea60 (webtiles) character file.

Game seed: 14635656712263306881

87 Graphine the Ducker (level 4, 0/37 HPs)
             Began as a Merfolk Monk on May 29, 2023.
             Slain by Sigmund
             ... wielding a +0 heavy scythe
              (17 damage)
             ... on level 2 of the Dungeon.
             The game lasted 00:03:56 (1022 turns).

Graphine the Ducker (Merfolk Monk)                  Turns: 1022, Time: 00:04:00

Health: 0/37       AC:  6    Str: 11    XL:     4   Next: 51%
Magic:  4/4        EV: 15    Int:  9    God:
Gold:   55         SH:  0    Dex: 18    Spells: 3/3 levels left

rFire   . . .        a - +0 falchion
rCold   . . .        d - orb {light}
rNeg    . . .        b - +1 robe
rPois   .            h - +2 helmet
rElec   .            (no cloak)
rCorr   .            (no gloves)
SInv    .            (no boots)
Will    .....        (no amulet)
Stlth   +            (no ring)
HPRegen 0.26/turn    (no ring)
MPRegen 0.09/turn

%: no passive effects
@: glowing
A: (nimble swimmer 2), mertail
a: no special abilities


You were on level 2 of the Dungeon.
You visited 1 branch of the dungeon, and saw 2 of its levels.

You collected 55 gold pieces.

Inventory:

Hand Weapons
 a - a +0 falchion (weapon)
Armour
 b - a +1 robe (worn)
 d - an orb of light (worn)
 h - a +2 helmet (worn)
Scrolls
 e - a scroll of enchant armour
Potions
 c - a potion of ambrosia
 f - a potion of invisibility {unknown}
 g - 2 potions of heal wounds {unknown}
 i - a potion of might {unknown}


   Skills:
 * Level 4.1 Fighting
 * Level 4.6 Long Blades
 * Level 5.1 Dodging
 * Level 0.1 Spellcasting
 * Level 0.3 Transmutations


You had 3 spell levels left.
You didn't know any spells.
Your spell library contained the following spells:

 Spells                   Type           Power      Damage    Failure   Level
 Sting                    Tmut/Pois      0%         1d3       36%         1
 Poisonous Vapours        Pois/Air       0%         N/A       52%         2
 Gell's Gravitas          Tloc           0%         N/A       77%         3
 Teleport Other           Tloc           0%         N/A       77%         3
 Olgreb's Toxic Radiance  Pois           0%         N/A       99%         4
 Dispersal                Tloc           0%         N/A       100%        6


Dungeon Overview and Level Annotations

Branches:
Dungeon (2/15)

Altars:

Annotations:
D:2 Sigmund


Innate Abilities, Weirdness & Mutations

((You are very nimble when in or above water. (Stealth+, EV+, Speed+++)))
Your lower body shifts to a powerful aquatic tail in water.


Message History

No target in view!
Sigmund the Dreaded comes into view.
He is wielding a +0 heavy scythe.
Sigmund shouts!
There is a stone staircase leading down here.
A bat comes into view.
The bat moves out of view.
Sigmund hits you with a +0 heavy scythe!
You slash Sigmund!
Sigmund is moderately wounded.
You hit Sigmund.
Sigmund is heavily wounded.
Sigmund hits you with a +0 heavy scythe!
You are too injured to fight recklessly!
Unknown command.
Hit: a) +0 falchion
Press: ? - help, Dir - move target, f - Sigmund
Aim: Sigmund, wielding a +0 heavy scythe and wearing a +0 robe (heavily wounded, haloed, about 22% to evade your +0 falchion)
You hit Sigmund but do no damage.
Sigmund is heavily wounded.
Unknown command.
Okay, then.
Hit: a) +0 falchion
Press: ? - help, Dir - move target, f/p - Sigmund
Aim: Sigmund, wielding a +0 heavy scythe and wearing a +0 robe (heavily wounded, haloed, about 22% to evade your +0 falchion)
You hit Sigmund.
Sigmund is severely wounded.
Sigmund barely misses you.
Hit: a) +0 falchion
Press: ? - help, Dir - move target, f/p - Sigmund
Aim: Sigmund, wielding a +0 heavy scythe and wearing a +0 robe (severely wounded, haloed, about 22% to evade your +0 falchion)
You hit Sigmund but do no damage.
Sigmund is severely wounded.
Unknown command.
Hit: a) +0 falchion
Press: ? - help, Dir - move target, f/p - Sigmund
Aim: Sigmund, wielding a +0 heavy scythe and wearing a +0 robe (severely wounded, haloed, about 22% to evade your +0 falchion)
You hit Sigmund.
Sigmund is almost dead.
Sigmund hits you with a +0 heavy scythe!
You die...

#.#.# #.#.#
#.#.# #...#
# ##.### #.
##..# ..
#...#
#.######.#.#
#b@@.#.....#
####.#...###
#..>###
#####


You could see Sigmund and a bat.

Vanquished Creatures
  3 adders (D:2)
  3 dart slugs (D:1)
  7 bats
  4 endoplasms (D:1)
  A giant cockroach (D:1)
  7 goblins
  6 hobgoblins (D:1)
  2 jackals (D:1)
  2 quokkas (D:1)
  4 ball pythons
  4 frilled lizards
  2 kobolds
  7 rats
52 creatures vanquished.

Notes
Turn   | Place    | Note
-------+----------+-------------------------------------------
     0 | D:1      | Graphine the Merfolk Monk began the quest for the Orb.
     0 | D:1      | Reached XP level 1. HP: 18/18 MP: 1/1
    79 | D:1      | Reached XP level 2. HP: 24/24 MP: 2/2
   213 | D:1      | Reached XP level 3. HP: 29/30 MP: 3/3
   783 | D:2      | Reached XP level 4. HP: 35/37 MP: 4/4
   841 | D:2      | Reached skill level 5 in Dodging
  1013 | D:2      | Noticed Sigmund
  1022 | D:2      | Slain by Sigmund

Illustrated notes

Levels and vault maps discovered:
D:1:      ncdulo_watergridlock, layout_basic
D:2:      layout_basic, minivault_5, uniq_sigmund, uniq_natasha

Skill      XL: |  1  2  3  4 |
---------------+-------------+-----
Long Blades    | 4 |  4.6
Fighting       | 4 |  4.1
Dodging        | 5 |  5.1
Spellcasting   | |  0.1
Transmutations | |  0.3

Action                     |  1- 3 |  4- 6 || total
---------------------------+-------+-------++-------
  Melee: Falchion          |    92 |    35 ||   127
    Use: Scroll            |     3 |       ||     3
 Armour: Robe              |    26 |     8 ||    34
  Dodge: Dodged            |    66 |    26 ||    92
